 Dungeon Crawl Stone Soup version 0.27-a0-1125-g131cd56 (webtiles) character file.

Game seed: 916167509253878599

65 Meow the Stinger (level 4, 36/36 HPs)
             Began as a Naga Venom Mage on May 3, 2021.
             Quit the game on level 3 of the Dungeon.
             The game lasted 00:06:05 (2038 turns).

Meow the Stinger (Naga Venom Mage)                  Turns: 2038, Time: 00:06:06

Health: 36/36      AC:  4    Str: 10    XL:     4   Next: 14%
Magic:  8/8        EV: 10    Int: 16    God:
Gold:   64         SH:  0    Dex: 12    Spells: 1/8 levels left

rFire    + . .     SeeInvis +   a - +1 dagger (venom)
rCold    . . .     Faith    +   (no shield)
rNeg     . . .     Spirit   .   h - +0 robe
rPois    +         Reflect  .   (no helmet)
rElec    .         Harm     .   e - +0 cloak
rCorr    .         Rampage  .   k - +0 pair of gloves
Will     .....                  (no barding)
Stlth    +++.......             l - amulet of faith
HPRegen  0.12/turn              g - ring of protection from fire
MPRegen  0.11/turn              (no ring)

@: very slow
A: AC +1, large, see invisible, deformed body, poison resistance, slowness 2,
spit poison 1, naga tail 1
a: Spit Poison


You were on level 3 of the Dungeon.
You visited 1 branch of the dungeon, and saw 3 of its levels.

You collected 64 gold pieces.

Inventory:

Hand Weapons
 a - a +1 dagger of venom (weapon)
 b - a +0 hand axe
Missiles
 d - 23 stones
 f - 20 bolts
 o - 16 arrows
Armour
 e - a +0 cloak (worn)
 h - a +0 robe (worn)
 k - a +0 pair of gloves (worn)
Magical Staves
 n - a staff of death
Jewellery
 g - a ring of protection from fire (left hand)
 l - an amulet of faith (around neck)
Scrolls
 j - a scroll of blinking {unknown}
 m - a scroll of brand weapon {unknown}
Potions
 c - 2 potions of heal wounds
 i - a potion of curing {unknown}


   Skills:
 - Level 1.5 Dodging
 + Level 4.5 Stealth
 + Level 2.8 Spellcasting
 - Level 1.0 Transmutations
 + Level 4.9 Poison Magic


You had one spell level left.
You knew the following spells:

 Your Spells              Type           Power      Damage    Failure   Level
a - Sting                 Tmut/Pois      44%        1d5       5%          1
c - Mephitic Cloud        Conj/Pois/Air  7%         N/A       28%         3
C - Ignite Poison         Fire/Tmut/Pois 8%         N/A       26%         3

Your spell library contained the following spells:

 Spells                   Type           Power      Damage    Failure   Level
 Poisonous Vapours        Pois/Air       20%        N/A       11%         2
 Olgreb's Toxic Radiance  Pois           18%        N/A       24%         4
 Confusing Touch          Hex            2%         N/A       50%         3
 Gell's Gravitas          Tloc           1%         N/A       50%         3
 Petrify                  Tmut/Erth      3%         N/A       83%         4
 Metabolic Englaciation   Hex/Ice        1%         N/A       99%         5
 Yara's Violent Unravell  Hex/Tmut       1%         3d3       99%         5


Dungeon Overview and Level Annotations

Branches:
Dungeon (3/15)

Altars:


Innate Abilities, Weirdness & Mutations

Your serpentine skin is tough. (AC +1)
You have supernaturally acute eyesight. (SInv)
Armour fits poorly on your strangely shaped body.
Your system is resistant to poisons. (rPois)
You cover ground very slowly.
You can spit poison.
You have a snake-like lower body.


Message History

Press: ? - help, Shift-Dir - straight line, f/p - dart slug
Aim: a dart slug (asleep, 100% to hit)
The sting hits the dart slug.
The dart slug is poisoned.
The dart slug is moderately wounded.
Casting: Sting (safe; 6% risk of failure)
Confirm with . or Enter, or press ? or * to list all spells.
Aiming: Sting (safe; 6% risk of failure)
Press: ? - help, Shift-Dir - straight line, f/p - dart slug
Aim: a dart slug (heavily wounded, poisoned, 100% to hit)
The sting hits the dart slug.
The dart slug looks even sicker.
The dart slug is almost dead.
You kill the dart slug!
You have got your breath back.
You see here a giant cockroach corpse.
You see here a dart slug corpse.
c - 3 grey potions (gained 1)
You see here a dart slug corpse.
You see here a giant cockroach corpse.
Magic restored.
There is an open door here.
You now have 64 gold pieces (gained 9).
A hobgoblin comes into view.
Press: ? - help, Shift-Dir - straight line, f - hobgoblin
Aim: a hobgoblin (asleep)
The splash of poison hits the hobgoblin!
The hobgoblin is poisoned.
You kill the hobgoblin!
You have got your breath back.
You see here a hobgoblin corpse.
Done exploring.
Done exploring.
Okay, then.
It was a potion of heal wounds.
You feel much better.
Are you sure you want to abandon this character and quit the game? (Confirm with "yes".)
Okay, then.
There is a stone staircase leading down here.
You climb downwards.
There is a stone staircase leading up here.
A quokka comes into view.
Are you sure you want to abandon this character and quit the game? (Confirm with "yes".)

###########
#....#...<#
#.##.#.####
#.#....#
.#.#####.#######
................
...#####..###.##
#.....# ###.#@#
#.#.# #.#.#
#.#.# #....
#.... .....
##r..#


You could see a quokka (wandering).

Vanquished Creatures
  An adder (D:2)
  2 worms (D:2)
  3 dart slugs
  3 bats (D:1)
  5 endoplasms
  3 giant cockroaches
  2 goblins
  4 hobgoblins
  2 jackals (D:2)
  7 kobolds
  4 ball pythons
  3 frilled lizards (D:2)
  3 rats (D:1)
42 creatures vanquished.

Notes
Turn   | Place    | Note
-------+----------+-------------------------------------------
     0 | D:1      | Meow the Naga Venom Mage began the quest for the Orb.
     0 | D:1      | Reached XP level 1. HP: 15/15 MP: 3/3
    69 | D:1      | You fall into a shaft and drop 1 floor!
   225 | D:1      | Reached XP level 2. HP: 22/22 MP: 5/5
   653 | D:1      | Reached XP level 3. HP: 28/28 MP: 6/6
   657 | D:1      | Learned a level 3 spell: Mephitic Cloud
  1441 | D:2      | Learned a level 3 spell: Ignite Poison
  1754 | D:2      | Reached XP level 4. HP: 31/36 MP: 8/8
  2038 | D:3      | Quit the game

Illustrated notes

Levels and vault maps discovered:
D:1:      sevenhm_arrival_forest_fort_small_4, layout_loops_corners,
          nrook_campfire, chequers_serial_rivers_micro_e, kennysheep_boxes
D:2:      layout_basic, minmay_cut_off
D:3:      layout_basic

Skill      XL: |  1  2  3 |
---------------+----------+-----
Stealth        | 4 |  4.5
Dodging        | |  1.5
Spellcasting   | |  2.8
Transmutations | |  1.0
Poison Magic   | |  4.9

Action                   |  1- 3 |  4- 6 || total
-------------------------+-------+-------++-------
Melee: Short sword       |     2 |       ||     2
       Hand axe          |     7 |       ||     7
       Dagger            |    17 |       ||    17
 Cast: Sting             |    35 |     2 ||    37
 Abil: Spit Poison       |    40 |     3 ||    43
  Use: Potion            |       |     1 ||     1
Armor: Robe              |    12 |       ||    12
Dodge: Dodged            |    24 |       ||    24

Table legend: (Time is in decaauts)
 A = Elapsed time spent in this place.
 B = Non-inter-level travel time spent in this place.
 C = Inter-level travel time spent in this place.
 D = Time resting spent in this place.
 E = Time spent auto-exploring this place.
 F = Levels seen in this place.
 G = Mean time per level.
                   A        B        C        D        E       F      G
               +--------+--------+--------+--------+--------+-----+--------+
         Total |   2740 |   2655 |     85 |    119 |   2149 |   3 |  913.3 |
       Dungeon |   2740 |   2655 |     85 |    119 |   2149 |   3 |  913.3 |
               +--------+--------+--------+--------+--------+-----+--------+

Top non-repeatable levels by time:
     D:1: 1373 daAuts
     D:2: 1336 daAuts
     D:3: 30 daAuts
